 Dungeon Crawl Stone Soup version 0.30-a0-137-gd8773701ce (webtiles) character file.

Game seed: 2306524627570802819

1078 enile the Stinger (level 8, -2/50 HPs)
             Began as an Octopode Venom Mage on Sept 22, 2022.
             Was an Elder of Ignis.
             Splashed by a jelly's acid (9 damage)
             ... on level 5 of the Dungeon.
             The game lasted 00:09:52 (6175 turns).

enile the Stinger (Octopode Venom Mage)             Turns: 6175, Time: 00:09:52

Health: -2/50      AC: -7    Str:  7    XL:     8   Next: 29%
Magic:  13/17      EV: 14    Int: 26    God:    Ignis [****..]
Gold:   422        SH:  0    Dex: 12    Spells: 9/19 levels left

rFire   + . .      SeeInvis .    b - +0 dagger
rCold   . . .      Faith    .    (no shield)
rNeg    + . .      Spirit   .    (helmet restricted)
rPois   .          Reflect  .    (no amulet)
rElec   .          Harm     .    c - +6 ring of intelligence
rCorr   .          Rampage  .    q - ring of positive energy
Will    .....                    (no ring)
Stlth   +++.......               (no ring)
HPRegen 0.16/turn                (no ring)
MPRegen 0.15/turn                (no ring)
                                 (no ring)
                                 (no ring)

@: radiating poison, corroded
A: almost no armour, amphibious, 8 rings, camouflage 1, gelatinous body 1,
(nimble swimmer 1), tentacles
a: Renounce Religion, Fiery Armour, Foxfire Swarm, Rising Flame


You were on level 5 of the Dungeon.
You worshipped Ignis.
Ignis was greatly pleased with you.
You visited 1 branch of the dungeon, and saw 5 of its levels.
You also visited: Ossuary.

You collected 422 gold pieces.

Inventory:

Hand Weapons
 b - a +0 dagger (weapon)
Jewellery
 c - a +6 ring of intelligence (left tentacle)
 q - a ring of positive energy (right tentacle)
Wands
 d - a wand of digging (6)
 y - a wand of roots (12)
Scrolls
 e - a scroll of poison {unknown}
 h - 2 scrolls of immolation {unknown}
 k - 3 scrolls of teleportation
 m - a scroll of silence
 n - a scroll of enchant weapon
 o - a scroll of fear {unknown}
 p - a scroll of magic mapping {unknown}
 r - a scroll of vulnerability {unknown}
 w - a scroll of amnesia {unknown}
 x - a scroll of enchant armour {unknown}
Potions
 a - 2 potions of magic
 f - 3 potions of curing
 g - 3 potions of brilliance {unknown}
 i - a potion of might {unknown}
 j - 2 potions of invisibility {unknown}
 l - a potion of flight {unknown}
 s - a potion of lignification {unknown}
 t - a potion of ambrosia {unknown}
 u - a potion of cancellation
 v - a potion of degeneration {unknown}


   Skills:
 - Level 2.0 Fighting
 + Level 3.7 Dodging
 - Level 2.6 Stealth
 - Level 6.0 Spellcasting
 - Level 1.0 Transmutations
 - Level 2.0 Fire Magic
 - Level 2.0 Air Magic
 - Level 7.0 Poison Magic


You had 9 spell levels left.
You knew the following spells:

 Your Spells              Type           Power      Damage    Failure   Level
a - Sting                 Tmut/Pois      100%       1d8       1%          1
b - Ignite Poison         Fire/Tmut/Pois 25%        N/A       5%          3
c - Olgreb's Toxic Radia  Pois           44%        N/A       3%          4
d - Poisonous Vapours     Pois/Air       62%        N/A       1%          2

Your spell library contained the following spells:

 Spells                   Type           Power      Damage    Failure   Level
 Mephitic Cloud           Conj/Pois/Air  23%        N/A       6%          3
 Confusing Touch          Hex            7%         N/A       21%         3
 Gell's Gravitas          Tloc           7%         N/A       21%         3
 Lesser Beckoning         Tloc           7%         N/A       21%         3
 Portal Projectile        Hex/Tloc       14%        N/A       21%         3
 Teleport Other           Tloc           7%         N/A       21%         3
 Tukima's Dance           Hex            7%         N/A       21%         3
 Sticky Flame             Conj/Fire      13%        2d4       41%         4
 Blade Hands              Tmut           6%         N/A       77%         5
 Freezing Cloud           Conj/Ice/Air   5%         6-21      83%         5
 Yara's Violent Unravell  Hex/Tmut       5%         3d4       83%         5
 Enfeeble                 Hex            3%         N/A       100%        7


Dungeon Overview and Level Annotations

Branches:
Dungeon (5/15)            Ossuary (visited)
 Temple: D:4-7

Altars:
Ashenzari
Nemelex Xobeh
Okawaru
Vehumet
Ignis

Shops:
D:3 (

Annotations:
D:5 exclusion: ice beast


Innate Abilities, Weirdness & Mutations

You cannot wear most types of armour.
You are amphibious.
You can wear up to eight rings at the same time.
Your skin changes colour to match your surroundings (Stealth+).
Your rubbery body absorbs attacks. (AC +1, EV +1)
((You are camouflaged when in or above water. (Stealth+)))
You have tentacles for arms and can constrict up to eight enemies at once.


Message History

Found 24 gold pieces.
Found a broken altar of Ashenzari.
There is an open door here.
Found 22 gold pieces.
The jelly quivers.
Found a glowing quarterstaff and 11 gold pieces.
The jelly misses you.
You hit the jelly but do no damage.
Your tentacles burn!
The jelly barely misses you.
You hit the jelly.
Your tentacles burn!
The jelly is lightly wounded.
The jelly closely misses you.
You completely miss the jelly. You squeeze the jelly.
The jelly is moderately wounded.
The jelly hits you.
You are splashed with acid!
You hit the jelly.
Your tentacles burn!
The jelly is heavily wounded.
The jelly barely misses you.
You hit the jelly.
Your tentacles burn!
The jelly is heavily wounded.
The jelly barely misses you.
You hit the jelly.
Your tentacles burn!
The jelly is severely wounded.
The jelly barely misses you.
You hit the jelly.
Your tentacles burn!
The jelly is severely wounded.
The jelly misses you.
You hit the jelly. The acid corrodes you!
Your tentacles burn!
The jelly is almost dead.
The jelly barely misses you.
You hit the jelly but do no damage.
Your tentacles burn!
The jelly is almost dead.
The jelly hits you. The acid corrodes you!
You are splashed with acid!
* * * LOW HITPOINT WARNING * * *
Casting: Olgreb's Toxic Radiance (dangerous; 3% risk of failure)
Confirm with . or Enter, or press ? or * to list all spells.
You begin to radiate toxic energy.
The jelly hits you.
* * * LOW HITPOINT WARNING * * *
You are splashed with acid!
You die...

#..###+## ####..#.).$.#
.....#.$$..# ##....#.._..#
#♣♣ #.....#$$$..# ..♣
+.....#.....# ##♣
#.....####### #...J.......
##..@..#### ##...## .#
##'## ##.# #.# #...#
#♣♣♣♣♣♣♣♣ #.# #...##
##♣~~~~♣~~♣♣####.## .~PP.#
#~~P~~~~~P~♣♣.....##
###P~~Y~#
...~~.~~~~~~♣♣♣.>..#
##.#.~.~.#
.......~...~~~♣...#####.#.#


You could see a jelly.

Vanquished Creatures
  Sigmund (D:5)
  An orc warrior (D:4)
  2 black bears
  An ogre (D:4)
  A bullfrog (D:5)
  2 scorpions
  A hound (D:4)
  An orc wizard (D:4)
  9 mummies
  3 gnolls (D:4)
  5 adders
  An ufetubus (D:5)
  2 worms (D:3)
  2 dart slugs
  9 orcs
  8 bats
  10 endoplasms
  2 giant cockroaches
  7 goblins
  9 hobgoblins
  5 jackals
  12 kobolds
  6 quokkas
  8 ball pythons
  A frilled lizard (D:2)
  3 gnoll zombies (Ossuary)
  4 kobold zombies
  2 orc zombies (Ossuary)
  10 rats
128 creatures vanquished.

Vanquished Creatures (others)
  16 foxfires (Ossuary)
16 creatures vanquished.

Grand Total: 144 creatures vanquished

Notes
Turn   | Place    | Note
-------+----------+-------------------------------------------
     0 | D:1      | enile the Octopode Venom Mage began the quest for the Orb.
     0 | D:1      | Reached XP level 1. HP: 11/11 MP: 3/3
   133 | D:1      | Reached skill level 1 in Fighting
   235 | D:1      | Reached XP level 2. HP: 18/18 MP: 1/5
   696 | D:1      | Reached skill level 4 in Poison Magic
   976 | D:1      | Reached XP level 3. HP: 24/24 MP: 6/6
  1682 | D:2      | Learned a level 3 spell: Ignite Poison
  1757 | D:2      | Found a faded altar of an unknown god.
  1951 | D:2      | Reached skill level 5 in Poison Magic
  1956 | D:2      | Reached XP level 4. HP: 21/29 MP: 2/7
  2408 | D:2      | Noticed a scorpion
  2413 | D:2      | Learned a level 2 spell: Poisonous Vapours
  2419 | D:2      | Killed a scorpion
  2420 | D:2      | Reached XP level 5. HP: 34/34 MP: 3/10
  2507 | D:2      | Prayed at the altar of an unknown god.
  2507 | D:2      | Became a worshipper of Ignis, the Dying Flame
  2746 | D:3      | Found a sparkling altar of Nemelex Xobeh.
  3139 | D:3      | Learned a level 4 spell: Olgreb's Toxic Radiance
  3205 | D:3      | Found Ranoliul's Weapon Boutique.
  3685 | D:4      | Noticed an orc warrior
  3703 | D:4      | Reached XP level 6. HP: 32/39 MP: 4/12
  3897 | D:4      | Noticed a black bear
  3903 | D:4      | Killed a black bear
  3904 | D:4      | Reached skill level 6 in Poison Magic
  4071 | D:4      | Killed an orc warrior
  4072 | D:4      | Reached skill level 7 in Poison Magic
  4171 | D:4      | Reached XP level 7. HP: 45/45 MP: 10/13
  5044 | D:5      | Entered Level 5 of the Dungeon
  5128 | D:5      | Found a sand-covered staircase.
  5137 | Ossuary  | Entered an ossuary
  5525 | Ossuary  | Reached skill level 5 in Spellcasting
  5785 | D:5      | Found an iron altar of Okawaru.
  5788 | D:5      | Noticed Sigmund
  5795 | D:5      | Killed Sigmund
  5796 | D:5      | Reached XP level 8. HP: 38/50 MP: 10/16
  5980 | D:5      | Found a radiant altar of Vehumet.
  6161 | D:5      | Found a broken altar of Ashenzari.
  6175 | D:5      | Splashed by a jelly's acid

Illustrated notes

Levels and vault maps discovered:
D:1:      lightli_arrival_quake, layout_basic
D:2:      layout_loops_ring, ebering_ecumenical_altar_mist,
          kennysheep_generic_room_9
D:3:      layout_loops_ring, nemelex_xobeh_ov_fountains_minmay, serial_shops,
          shop
D:4:      layout_gridville
D:5:      layout_loops_corners, okawaru_trees_2, amcnicky_altar_gilded,
          nicolae_vehumet_altar_sigil, nicolae_ossuary_entry_giza, serial_bayou,
          serial_bayou_pond_c, serial_bayou_pond_e, serial_bayou_lagoon_b,
          serial_bayou_ford_a, serial_bayou_crossing, uniq_sigmund,
          uniq_duvessa, uniq_crazy_yiuf_cottage

Skill      XL: |  1  2  3  4  5  6  7  8 |
---------------+-------------------------+-----
Fighting       | 1 2 |  2.0
Poison Magic   | 4 5 7 |  7.0
Spellcasting   | 3 4 5 6 |  6.0
Fire Magic     | 2 |  2.0
Air Magic      | 2 |  2.0
Dodging        | 3 |  3.7
Stealth        | |  2.6
Transmutations | |  1.0

Action                   |  1- 3 |  4- 6 |  7- 9 || total
-------------------------+-------+-------+-------++-------
Melee: Unarmed           |     7 |       |       ||     7
       Tentacles         |     7 |    11 |    24 ||    42
       Dagger            |    45 |    53 |    83 ||   181
       Constrict         |     8 |    13 |    18 ||    39
 Cast: Sting             |    47 |    31 |     8 ||    86
       Poisonous Vapours |       |    10 |     1 ||    11
       Ignite Poison     |       |     4 |     2 ||     6
       Olgreb's Toxic Ra |       |     2 |    14 ||    16
Invok: Foxfire Swarm     |       |       |     1 ||     1
       Fiery Armour      |       |       |     1 ||     1
  Use: Potion            |     1 |       |       ||     1
       Scroll            |       |       |     4 ||     4
 Stab: Sleeping          |    10 |     9 |     4 ||    23
Armor: Skin              |     8 |     7 |     5 ||    20
Dodge: Dodged            |    64 |    45 |    44 ||   153

Table legend: (Time is in decaauts)
 A = Elapsed time spent in this place.
 B = Non-inter-level travel time spent in this place.
 C = Inter-level travel time spent in this place.
 D = Time resting spent in this place.
 E = Time spent auto-exploring this place.
 F = Levels seen in this place.
 G = Mean time per level.
                   A        B        C        D        E       F      G
               +--------+--------+--------+--------+--------+-----+--------+
         Total |   6172 |   6024 |    148 |     76 |   4917 |   6 | 1028.7 |
       Dungeon |   5560 |   5412 |    148 |     68 |   4520 |   5 | 1112.0 |
       Ossuary |    612 |    612 |      0 |      8 |    397 |   1 |  612.0 |
               +--------+--------+--------+--------+--------+-----+--------+

Top non-repeatable levels by time:
     D:1: 1623 daAuts
     D:4: 1346 daAuts
     D:3: 1176 daAuts
     D:2: 896 daAuts
 Ossuary: 612 daAuts
     D:5: 517 daAuts
